SAL
COLUMBIA FIREFLIES @ LEXINGTON LEGENDS
09/04/2099
 
TOP OF THE 1ST
Columbia Fireflies batting - Pitching for Lexington Legends : RHP Eric Cooper
Pitching: RHP Eric Cooper
Batting: RHB Andrew Covey 0-0: Called Strike
0-1: Foul Ball, location: 25F
0-2: Ball
1-2: Ball
2-2: Strikes out swinging
Batting: RHB Alex Wray 0-0: Ball
1-0: Ball
2-0: Ball
3-0: Called Strike
3-1: Base on Balls
Batting: LHB Chris Allen 0-0: Swinging Strike
0-1: Ball
1-1: Called Strike
Alex Wray steals 2nd base
1-2: Foul Ball, location: 2F
1-2: Foul Ball, location: 25F
1-2: Strikes out looking
Batting: RHB Joe Dahl 0-0: Ball
1-0: Ball
2-0: Foul Ball, location: 23F
2-1: Swinging Strike
2-2: Ball
3-2: Strikes out swinging, 2-3 out at first.
Top of the 1st over - 0 runs, 0 hits, 0 errors, 1 left on base; Columbia 0 - Lexington 0
BOTTOM OF THE 1ST
Lexington Legends batting - Pitching for Columbia Fireflies : RHP Danny Botelho
Pitching: RHP Danny Botelho
Batting: RHB Emilio Rios 0-0: Called Strike
0-1: Foul Ball, location: 9LDF
0-2: Foul Ball, location: 5FF
0-2: Ball
1-2: Ball
2-2: Strikes out swinging
Batting: SHB Jose Salinas 0-0: Swinging Strike
0-1: Ball
1-1: Swinging Strike
1-2: Strikes out looking
Batting: LHB Walt MacLean 0-0: Called Strike
0-1: Ground out 1-3 (Groundball, 13, EV 65.6 MPH)
Bottom of the 1st over - 0 runs, 0 hits, 0 errors, 0 left on base; Columbia 0 - Lexington 0
TOP OF THE 2ND
Columbia Fireflies batting - Pitching for Lexington Legends : RHP Eric Cooper
Batting: LHB Mike McCrimmon 0-0: Ball
1-0: Ball
2-0: Swinging Strike
2-1: Ball
3-1: Foul Ball, location: 2F
3-2: Strikes out swinging
Batting: RHB Joel Lawrence 0-0: Called Strike
0-1: Foul Ball, location: 25F
0-2: Foul Ball, location: 2F
0-2: Ball
1-2: Fly out, F8 (Flyball, 8LXD, EV 100.6 MPH)
Batting: LHB Wilson Gonzalez 0-0: Called Strike
0-1: Ball
1-1: Ball
2-1: Foul Ball, location: 7LSF
2-2: Ball
3-2: Base on Balls
Batting: RHB Francisco Marquez 0-0: Ball
Wilson Gonzalez is caught stealing 2nd base 2-4
Top of the 2nd over - 0 runs, 0 hits, 0 errors, 0 left on base; Columbia 0 - Lexington 0
BOTTOM OF THE 2ND
Lexington Legends batting - Pitching for Columbia Fireflies : RHP Danny Botelho
Batting: RHB Steve Sax 0-0: Ball
1-0: Called Strike
1-1: Foul Ball, location: 25F
1-2: Strikes out swinging
Batting: RHB Cory Hanlon 0-0: Called Strike
0-1: Ball
1-1: Swinging Strike
1-2: Strikes out swinging
Batting: SHB Sergio Soltero 0-0: Called Strike
0-1: Ball
1-1: Foul Ball, location: 2F
1-2: Ball
2-2: Strikes out looking
Bottom of the 2nd over - 0 runs, 0 hits, 0 errors, 0 left on base; Columbia 0 - Lexington 0
TOP OF THE 3RD
Columbia Fireflies batting - Pitching for Lexington Legends : RHP Eric Cooper
Batting: RHB Francisco Marquez 0-0: Ball
1-0: Fly out, F5 (Popup, 25F, EV 81.3 MPH)
Batting: RHB Matt Halton 0-0: Ball
1-0: Foul Ball, location: 2F
1-1: Called Strike
1-2: Foul Ball, location: 25F
1-2: Ball
2-2: Foul Ball, location: 23F
2-2: Fly out, F8 (Flyball, 89D, EV 92.5 MPH)
Batting: RHB Andrew Covey 0-0: Ball
1-0: DOUBLE (Line Drive, 89D, EV 99.4 MPH)
Batting: RHB Alex Wray 0-0: Called Strike
0-1: Swinging Strike
0-2: Ball
1-2: Ground out 5-3 (Groundball, 56, EV 90.0 MPH)
Top of the 3rd over - 0 runs, 1 hit, 0 errors, 1 left on base; Columbia 0 - Lexington 0
BOTTOM OF THE 3RD
Lexington Legends batting - Pitching for Columbia Fireflies : RHP Danny Botelho
Batting: RHB Dave Candia 0-0: Swinging Strike
0-1: Ball
1-1: Foul Ball, location: 5SF
1-2: Fly out, F9 (Flyball, 9D, EV 86.9 MPH)
Batting: RHB Bill Krueger 0-0: Ball
1-0: Ball
2-0: Ball
3-0: Called Strike
3-1: Swinging Strike
3-2: SOLO HOME RUN (Flyball, 89XD, EV 97.5 MPH), Distance : 405 ft
Batting: LHB Alberto Gonzales 0-0: Ball
1-0: Foul Ball, location: 2F
1-1: Swinging Strike
1-2: Strikes out swinging passed ball, reaches first!
Batting: RHB Emilio Rios 0-0: Ball
1-0: Called Strike
1-1: Swinging Strike
1-2: Foul Ball, location: 2F
1-2: Strikes out swinging
Batting: SHB Jose Salinas 0-0: Called Strike
0-1: Foul Ball, location: 23FF
0-2: Foul Ball, location: 7LSFF
0-2: Foul Ball, location: 3F
0-2: SINGLE (Line Drive, 4D, EV 100.6 MPH)
Alberto Gonzales to second
Batting: LHB Walt MacLean 0-0: Swinging Strike
0-1: Ball
1-1: Ball
2-1: Swinging Strike
2-2: Ball
3-2: Strikes out swinging
Bottom of the 3rd over - 1 run, 2 hits, 0 errors, 2 left on base; Columbia 0 - Lexington 1
TOP OF THE 4TH
Columbia Fireflies batting - Pitching for Lexington Legends : RHP Eric Cooper
Batting: LHB Chris Allen 0-0: Ground out U3 (Groundball, 34, EV 84.4 MPH)
Batting: RHB Joe Dahl 0-0: Called Strike
0-1: Called Strike
0-2: Ball
1-2: Ball
2-2: Ball
3-2: Fly out, F7 (Line Drive, 7, EV 110.6 MPH)
Batting: LHB Mike McCrimmon 0-0: Called Strike
0-1: Ball
1-1: Called Strike
1-2: Ball
2-2: Ball
3-2: Ground out 4-3 (Groundball, 4D, EV 100.6 MPH)
Top of the 4th over - 0 runs, 0 hits, 0 errors, 0 left on base; Columbia 0 - Lexington 1
BOTTOM OF THE 4TH
Lexington Legends batting - Pitching for Columbia Fireflies : RHP Danny Botelho
Batting: RHB Steve Sax 0-0: Hit by Pitch
Batting: RHB Cory Hanlon 0-0: SINGLE (Line Drive, 6M, EV 95.0 MPH)
Steve Sax to second
Batting: SHB Sergio Soltero 0-0: Swinging Strike
0-1: Swinging Strike
0-2: Ball
1-2: Ball
Wild Pitch!
Steve Sax to third
Cory Hanlon to second
2-2: Strikes out swinging
Batting: RHB Dave Candia 0-0: DOUBLE (Line Drive, 78M, EV 110.6 MPH)
Steve Sax scores
Cory Hanlon scores
Batting: RHB Bill Krueger 0-0: SINGLE (Groundball, 4D, EV 96.9 MPH)
Dave Candia to third
Runner from 3rd tries for Home, SAFE, throw by RF to home
Batting: LHB Alberto Gonzales 0-0: Ball
1-0: Called Strike
Bill Krueger steals 2nd base
1-1: Ball
2-1: Fly out, F8 (Flyball, 78M, EV 99.4 MPH)
Batting: RHB Emilio Rios 0-0: Ball
Wild Pitch!
Bill Krueger to third
1-0: Foul Ball, location: 2F
1-1: Ball
2-1: Called Strike
2-2: Foul Ball, location: 23F
2-2: Ball
3-2: Foul Ball, location: 5F
3-2: Ground out 1-3 (Groundball, 13S, EV 73.1 MPH)
Bottom of the 4th over - 3 runs, 3 hits, 0 errors, 1 left on base; Columbia 0 - Lexington 4
TOP OF THE 5TH
Columbia Fireflies batting - Pitching for Lexington Legends : RHP Eric Cooper
Batting: RHB Joel Lawrence 0-0: Called Strike
0-1: Called Strike
0-2: Ball
1-2: Ball
2-2: Ball
3-2: SINGLE (Groundball, 6MD, EV 99.4 MPH)
Batting: LHB Wilson Gonzalez 0-0: SINGLE (Flyball, 6MD, EV 93.1 MPH)
Joel Lawrence to second
Batting: RHB Francisco Marquez 0-0: Swinging Strike
0-1: Ball
1-1: Fly out, F8 (Flyball, 8RM, EV 93.1 MPH)
Batting: RHB Matt Halton 0-0: Ball
1-0: Called Strike
1-1: Ball
2-1: Foul Ball, location: 9LDF
2-2: Ball
3-2: Foul Ball, location: 25F
3-2: Strikes out swinging
Batting: RHB Andrew Covey 0-0: Swinging Strike
0-1: Swinging Strike
0-2: Ball
1-2: Ball
2-2: Strikes out swinging
Top of the 5th over - 0 runs, 2 hits, 0 errors, 2 left on base; Columbia 0 - Lexington 4
BOTTOM OF THE 5TH
Lexington Legends batting - Pitching for Columbia Fireflies : RHP Danny Botelho
Batting: SHB Jose Salinas 0-0: Swinging Strike
0-1: Foul Ball, location: 5F
0-2: Ball
1-2: Ball
2-2: Foul Ball, location: 2F
2-2: Strikes out swinging
Batting: LHB Walt MacLean 0-0: Called Strike
0-1: Ball
1-1: Foul Ball, location: 7LMF
1-2: Strikes out swinging
Batting: RHB Steve Sax 0-0: Called Strike
0-1: Fly out, F9 (Flyball, 89S, EV 88.8 MPH)
Bottom of the 5th over - 0 runs, 0 hits, 0 errors, 0 left on base; Columbia 0 - Lexington 4
TOP OF THE 6TH
Columbia Fireflies batting - Pitching for Lexington Legends : RHP Eric Cooper
Batting: RHB Alex Wray 0-0: Called Strike
0-1: Ball
1-1: Swinging Strike
1-2: Fly out, F8 (Flyball, 8RXD, EV 93.1 MPH)
Batting: LHB Chris Allen 0-0: Foul Ball, location: 23FF
0-1: Fly out, F7 (Flyball, 78M, EV 95.6 MPH)
Batting: RHB Joe Dahl 0-0: Ball
1-0: Ball
2-0: Ball
3-0: Called Strike
3-1: Called Strike
3-2: Strikes out swinging
Top of the 6th over - 0 runs, 0 hits, 0 errors, 0 left on base; Columbia 0 - Lexington 4
BOTTOM OF THE 6TH
Lexington Legends batting - Pitching for Columbia Fireflies : RHP Danny Botelho
Batting: RHB Cory Hanlon 0-0: Swinging Strike
0-1: Ball
1-1: Swinging Strike
1-2: Strikes out swinging
Batting: SHB Sergio Soltero 0-0: Called Strike
0-1: Foul Ball, location: 5SF
0-2: Strikes out looking
Batting: RHB Dave Candia 0-0: Ball
1-0: Ball
2-0: Foul Ball, location: 7LDF
2-1: Swinging Strike
2-2: Foul Ball, location: 7LSF
2-2: Strikes out looking
Bottom of the 6th over - 0 runs, 0 hits, 0 errors, 0 left on base; Columbia 0 - Lexington 4
TOP OF THE 7TH
Columbia Fireflies batting - Pitching for Lexington Legends : RHP Eric Cooper
Pitching: RHP Manny Krill
Batting: LHB Mike McCrimmon 0-0: Ground out 4-3 (Groundball, 13, EV 85.0 MPH)
Batting: RHB Joel Lawrence 0-0: Ball
1-0: Swinging Strike
1-1: Swinging Strike
1-2: Foul Ball, location: 2F
1-2: Foul Ball, location: 3F
1-2: Strikes out looking
Batting: LHB Wilson Gonzalez 0-0: Called Strike
0-1: Swinging Strike
0-2: Strikes out swinging
Top of the 7th over - 0 runs, 0 hits, 0 errors, 0 left on base; Columbia 0 - Lexington 4
BOTTOM OF THE 7TH
Lexington Legends batting - Pitching for Columbia Fireflies : RHP Danny Botelho
Pitching: RHP Steve Brooks
Batting: RHB Bill Krueger 0-0: Swinging Strike
0-1: Swinging Strike
0-2: Strikes out swinging
Batting: LHB Alberto Gonzales 0-0: Fly out, F9 (Flyball, 89D, EV 106.9 MPH)
Batting: RHB Emilio Rios 0-0: Called Strike
0-1: Ball
1-1: Fly out, F7 (Flyball, 7, EV 94.4 MPH)
Bottom of the 7th over - 0 runs, 0 hits, 0 errors, 0 left on base; Columbia 0 - Lexington 4
TOP OF THE 8TH
Columbia Fireflies batting - Pitching for Lexington Legends : RHP Manny Krill
Batting: RHB Francisco Marquez 0-0: Swinging Strike
0-1: Ball
1-1: Ground out 5-3 (Groundball, 5S, EV 91.9 MPH)
Batting: RHB Matt Halton 0-0: Ball
1-0: Ball
2-0: Ground out 6-3 (Groundball, 56, EV 85.6 MPH)
Batting: RHB Andrew Covey 0-0: Ball
1-0: Called Strike
1-1: Foul Ball, location: 7LSF
1-2: Ball
2-2: Foul Ball, location: 7LSF
2-2: Ball
3-2: Strikes out swinging
Top of the 8th over - 0 runs, 0 hits, 0 errors, 0 left on base; Columbia 0 - Lexington 4
BOTTOM OF THE 8TH
Lexington Legends batting - Pitching for Columbia Fireflies : RHP Steve Brooks
Batting: SHB Jose Salinas 0-0: Ball
1-0: Called Strike
1-1: Fly out, F9 (Line Drive, 89M, EV 93.8 MPH)
Batting: LHB Walt MacLean 0-0: Called Strike
0-1: Ball
1-1: Called Strike
1-2: Foul Ball, location: 5F
1-2: Foul Ball, location: 2F
1-2: Foul Ball, location: 23F
1-2: Ball
2-2: Ball
3-2: SINGLE (Line Drive, 78S, EV 91.3 MPH)
Batting: RHB Steve Sax 0-0: Ball
1-0: Ball
2-0: Called Strike
2-1: Fly out, F9 (Line Drive, 9S, EV 91.9 MPH)
Batting: RHB Cory Hanlon 0-0: Called Strike
0-1: Foul Ball, location: 2F
0-2: Fly out, F7 (Flyball, 7LM, EV 93.1 MPH)
Bottom of the 8th over - 0 runs, 1 hit, 0 errors, 1 left on base; Columbia 0 - Lexington 4
TOP OF THE 9TH
Columbia Fireflies batting - Pitching for Lexington Legends : RHP Manny Krill
Batting: RHB Alex Wray 0-0: Ball
1-0: Swinging Strike
1-1: Ball
2-1: Foul Ball, location: 2F
2-2: Strikes out looking
Batting: LHB Chris Allen 0-0: Called Strike
0-1: Foul Ball, location: 2LF
0-2: Ball
1-2: Ball
2-2: SINGLE (Groundball, 4M, EV 102.5 MPH)
Batting: RHB Joe Dahl 0-0: Ball
1-0: Ball
2-0: Called Strike
2-1: Grounds into double play, 5-4-3 (Groundball, 56, EV 93.1 MPH)
Top of the 9th over - 0 runs, 1 hit, 0 errors, 0 left on base; Columbia 0 - Lexington 4
Thursday, May 16th , 2024 - OOTP Baseball 24.11 Build 85